 Dungeon Crawl Stone Soup version 0.26-b1-45-g23770d1d51 (webtiles) character file.

Game seed: 9886500665517486378

14142 radhat240 the Cleaver (level 12, -1/121 HPs)
             Began as a Hill Orc Fighter on Jan 6, 2021.
             Was an Elder of Beogh.
             Slain by a boulder beetle (21 damage)
             ... on level 12 of the Dungeon.
             The game lasted 00:42:50 (12429 turns).

radhat240 the Cleaver (Hill Orc Fighter)           Turns: 12429, Time: 00:42:51

Health: -1/121     AC: 19    Str: 28    XL:     12   Next: 13%
Magic:  28/28      EV:  5    Int:  8    God:    Beogh [****..]
Gold:   706        SH: 18    Dex: 10    Spells: 11/11 levels left

rFire    . . .     SeeInvis .   s - +3 broad axe (flame)
rCold    . . .     Faith    .   o - +0 tower shield
rNeg     + . .     Spirit   .   j - +1 plate armour
rPois    .         Reflect  .   (no helmet)
rElec    .         Harm     .   l - +1 cloak
rCorr    .         Rampage  .   y - +0 pair of gloves
Will     +++..     Clarity  +   (no boots)
Stlth    ..........             u - amulet of the Four Winds {rN+ Will+++ Clar}
HPRegen  0.30/turn              n - +6 ring of strength
MPRegen  0.21/turn              B - ring of magical power

@: mighty
A: blink, deterioration 1, robust 1, weak 1, MP-powered wands
a: Blink, Renounce Religion, Smiting, Recall Orcish Followers


You were on level 12 of the Dungeon.
You worshipped Beogh.
Beogh was greatly pleased with you.
You visited 1 branch of the dungeon, and saw 12 of its levels.
You also visited: Ossuary.

You collected 706 gold pieces.

Inventory:

Hand Weapons
 s - a +3 broad axe of flaming (weapon)
Armour
 j - a +1 plate armour (worn)
 l - a +1 cloak (worn)
 o - a +0 tower shield (worn)
 y - a +0 pair of gloves (worn)
Jewellery
 n - a +6 ring of strength (left hand)
 u - the amulet of the Four Winds (around neck) {rN+ Will+++ Clar}
   (You found it on level 6 of the Dungeon)

   [amulet of nothing]

   It protects you from negative energy.
   It affects your willpower, your defense against some magical effects.
   It protects you against confusion.
 B - a ring of magical power (right hand)
 D - an uncursed ring of magical power
Wands
 d - a wand of flame (17)
 g - a wand of iceblast (3)
 h - a wand of enslavement (9)
 q - a wand of random effects (38)
 r - a wand of disintegration (12)
Scrolls
 a - 3 scrolls of identify
 b - 12 scrolls of remove curse
 f - 4 scrolls of teleportation
 i - a scroll of fog
 k - a scroll of amnesia
 m - a scroll of immolation
 x - 3 scrolls of blinking
Potions
 c - 2 potions of might
 e - 6 potions of curing
 p - 2 potions of lignification
 t - 2 potions of flight
 v - a potion of cancellation
 w - a potion of invisibility
 z - a potion of haste


   Skills:
 + Level 11.2 Fighting
 + Level 11.5 Axes
 + Level 10.1 Armour
 + Level 10.1 Shields
 + Level 10.5 Invocations


You had 11 spell levels left.
You didn't know any spells.
Your spell library contained the following spells:

 Spells                   Type           Power        Failure   Level
 Animate Skeleton         Necr           0%           100%        1
 Corona                   Hex            0%           100%        1
 Magic Dart               Conj           0%           100%        1
 Pain                     Necr           0%           100%        1
 Searing Ray              Conj           0%           100%        2
 Slow                     Hex            0%           100%        2
 Dazzling Flash           Conj/Hex       0%           100%        3
 Inner Flame              Hex/Fire       0%           100%        3
 Portal Projectile        Hex/Tloc       0%           100%        3
 Vampiric Draining        Necr           0%           100%        3
 Animate Dead             Necr           0%           100%        4
 Cause Fear               Hex            0%           100%        4
 Fulminant Prism          Conj/Hex       0%           100%        4
 Iskenderun's Mystic Bla  Conj/Tloc      0%           100%        4
 Leda's Liquefaction      Hex/Erth       0%           100%        4
 Agony                    Necr           0%           100%        5


Dungeon Overview and Level Annotations

Branches:
Dungeon (12/15)            Temple (0/1) D:7            Lair (0/6) D:10
    Orc (0/2) D:9         Ossuary (visited)

Altars:
Ashenzari
Cheibriados
Dithmenos
Elyvilon
Gozag
Nemelex Xobeh
Qazlal
Ru
Trog
Uskayaw
Vehumet
Wu Jian
Xom

Shops:
D:5 =

Annotations:
D:12 1 runed translucent door, exclusion: orange crystal statue


Innate Abilities, Weirdness & Mutations

You can translocate small distances at will.
Your body sometimes deteriorates upon taking damage.
You are robust. (+10% HP)
You are weak. (Str -2)
You expend magic power (3 MP) to strengthen your wands.


Message History

You kill the yak!
Beogh accepts your kill.
You completely miss the boulder beetle. You block the boulder beetle's attack.
The boulder beetle leaps!
You see here a yak corpse.
You hear the steady creaking of a very distant portcullis.
You block the boulder beetle's attack.
You hit the boulder beetle but do no damage.
The boulder beetle bites you!
* * * LOW HITPOINT WARNING * * *
You slice the boulder beetle!! You burn the boulder beetle!
The boulder beetle is moderately wounded.
The boulder beetle leaps!
You slice the boulder beetle!! You burn the boulder beetle!
The boulder beetle is severely wounded.
You block the boulder beetle's attack.
You hit the boulder beetle but do no damage.
The boulder beetle is severely wounded.
The boulder beetle bites you!!
You die...

## .# .# .# .# ########
.# #...... .#####
+....# .....# #..B.#
####.# .....#@#.# #.#
... #.#.# #.# . #.#†#
#.###########.#B#
##.............#.#
#................# #
#.################ #
#.########...)...######
#
#.............)).)....#


You could see a boulder beetle.

Vanquished Creatures
  A boulder beetle (D:10)
  3 two-headed ogres
  4 skeletal warriors (D:9)
  A cyclops (D:11)
  A troll (D:10)
  Grinder (D:6)
  A polar bear (D:11)
  2 hornets (D:12)
  Prince Ribbit (D:6)
  2 slime creatures (D:12)
  A centaur simulacrum (D:11)
  8 yaks
  Sigmund (D:4)
  2 wraiths
  A vampire mosquito (D:10)
  Eustachio (D:5)
  Edmund (D:4)
  An acid dragon (D:12)
  A water moccasin (D:6)
  5 ice beasts
  3 orc warriors
  2 sky beasts
  3 black bears
  7 ogres
  An eye of draining (D:8)
  3 phantoms
  2 wolves (D:11)
  5 centaurs
  5 bullfrogs
  2 gnoll sergeants
  A scorpion (D:9)
  4 wights (D:9)
  2 electric eels (D:11)
  A centaur zombie (D:9)
  A quasit (D:7)
  A wyvern simulacrum (D:11)
  3 bullfrog zombies
  A hound (D:10)
  2 centaur skeletons
  5 orc wizards
  An orc priest (D:12)
  3 bullfrog skeletons
  4 jellies
  2 iguanas
  5 worker ants
  A bullfrog simulacrum (D:11)
  2 hound zombies
  A hound skeleton (D:10)
  A mummy (Ossuary)
  2 worker ant zombies
  11 gnolls
  A howler monkey skeleton (D:10)
  10 adders
  A hound simulacrum (D:11)
  2 shadow imps
  5 white imps
  2 worker ant simulacra (D:11)
  2 ufetubi (D:8)
  2 oozes (D:1)
  2 adder zombies
  2 worms
  10 leopard geckos
  14 orcs
  2 ball pythons
  3 giant cockroaches
  10 goblins
  2 hobgoblins (D:1)
  6 kobolds
  7 quokkas
  7 bats
  4 frilled lizards
  9 gnoll skeletons (Ossuary)
  3 kobold skeletons (Ossuary)
  A leopard gecko skeleton (D:4)
  13 orc skeletons (Ossuary)
  6 rats
252 creatures vanquished.

Vanquished Creatures (collateral kills)
  A yak (D:11)
  A soldier ant (D:12)
  A wolf (D:11)
  An orc wizard (D:12)
  An orc priest (D:12)
5 creatures vanquished.

Vanquished Creatures (others)
  An orc knight (D:12)
  An orc warrior (D:11)
  An orc wizard (D:12)
  2 orc priests
  An adder skeleton (D:4)
  4 orcs
10 creatures vanquished.

Grand Total: 267 creatures vanquished

Notes
Turn   | Place    | Note
-------+----------+-------------------------------------------
     0 | D:1      | radhat240 the Hill Orc Fighter began the quest for the Orb.
     0 | D:1      | Reached XP level 1. HP: 19/19 MP: 1/1
   144 | D:1      | Reached XP level 2. HP: 27/27 MP: 2/2
   395 | D:1      | Reached XP level 3. HP: 34/34 MP: 3/3
  1861 | D:3      | Found a snail-covered altar of Cheibriados.
  1944 | D:3      | Found a sacrificial altar of Ru.
  1954 | D:3      | Reached XP level 4. HP: 41/41 MP: 4/4
  2078 | D:3      | Gained mutation: You are frail. (-10% HP) [potion of
                  | mutation]
  2078 | D:3      | Gained mutation: You are resistant to electric shocks.
                  | (rElec) [potion of mutation]
  2078 | D:3      | Gained mutation: You are weak. (Str -2) [potion of
                  | mutation]
  2078 | D:3      | Gained mutation: Your system is resistant to poisons.
                  | (rPois) [potion of mutation]
  2549 | D:4      | Found an opulent altar of Gozag.
  2563 | D:4      | Found a sand-covered staircase.
  2573 | Ossuary  | Entered an ossuary
  2573 | Ossuary  | Noticed a wraith
  2573 | Ossuary  | Noticed a wraith
  2573 | Ossuary  | Noticed a wraith
  2588 | Ossuary  | Reached skill level 5 in Fighting
  2588 | Ossuary  | Reached XP level 5. HP: 38/43 MP: 5/5
  2715 | Ossuary  | Noticed a wraith
  2725 | Ossuary  | Killed a wraith
  2726 | Ossuary  | Reached XP level 6. HP: 39/50 MP: 6/6
  2850 | D:4      | Became a worshipper of Beogh the Brigand
  3332 | D:4      | Noticed Edmund
  3431 | D:4      | Killed Edmund
  3432 | D:4      | Reached skill level 5 in Axes
  3432 | D:4      | Reached skill level 1 in Invocations
  3432 | D:4      | Reached XP level 7. HP: 52/55 MP: 7/7
  3524 | D:4      | Noticed Sigmund
  3573 | D:4      | Killed Sigmund
  3574 | D:4      | Reached skill level 5 in Armour
  3574 | D:4      | Reached skill level 5 in Shields
  3688 | D:5      | Entered Level 5 of the Dungeon
  4092 | D:5      | Noticed Eustachio
  4193 | D:5      | Killed Eustachio
  4194 | D:5      | Reached XP level 8. HP: 51/63 MP: 10/10
  4274 | D:5      | Found Anec's Jewellery Emporium.
  4393 | D:5      | Found a sparkling altar of Nemelex Xobeh.
  4408 | D:5      | Found a radiant altar of Vehumet.
  4449 | D:5      | Lost mutation: Your system is resistant to poisons. (rPois)
                  | [potion of mutation]
  4449 | D:5      | Lost mutation: You are resistant to electric shocks.
                  | (rElec) [potion of mutation]
  4449 | D:5      | Lost mutation: You are frail. (-10% HP) [potion of
                  | mutation]
  4449 | D:5      | Gained mutation: Your mind is acute. (Int +2) [potion of
                  | mutation]
  4449 | D:5      | Gained mutation: You are resistant to electric shocks.
                  | (rElec) [potion of mutation]
  4449 | D:5      | Gained mutation: You can translocate small distances at
                  | will. [potion of mutation]
  4510 | D:5      | Found a shimmering altar of Xom.
  4735 | D:6      | Noticed Prince Ribbit
  4757 | D:6      | Killed Prince Ribbit
  5290 | D:6      | Reached skill level 5 in Invocations
  5290 | D:6      | Reached XP level 9. HP: 55/79 MP: 12/12
  5492 | D:6      | Noticed a +0 hand axe
  5492 | D:6      | Noticed a +0 dagger
  5497 | D:6      | Found a hide-covered altar of Uskayaw.
  5504 | D:6      | Found a broken altar of Ashenzari.
  5654 | D:6      | Noticed Grinder
  5663 | D:6      | Paralysed by Grinder for 5 turns
  5675 | D:6      | Killed Grinder
  5897 | D:6      | Reached * piety under Beogh
  5906 | D:6      | Found the amulet of the Four Winds {rN+ Will+++ Clar}
  6059 | D:7      | Found a shadowy altar of Dithmenos.
  6186 | D:7      | Found a bloodstained altar of Trog.
  6321 | D:7      | Found an ornate altar of the Wu Jian Council.
  6573 | D:7      | Found a staircase to the Ecumenical Temple.
  7180 | D:8      | Identified a scroll of acquirement
  7196 | D:8      | Acquired a +0 broad axe of flaming
  7583 | D:9      | Reached ** piety under Beogh
  7628 | D:9      | Reached XP level 10. HP: 83/90 MP: 15/15
  7649 | D:9      | Found a stormy altar of Qazlal.
  7687 | D:9      | Noticed a skeletal warrior
  7690 | D:9      | Noticed a skeletal warrior
  7702 | D:9      | Noticed a skeletal warrior
  7704 | D:9      | Killed a skeletal warrior
  7871 | D:9      | Noticed a two-headed ogre
  7880 | D:9      | Killed a two-headed ogre
  8346 | D:9      | Found a staircase to the Orcish Mines.
  8425 | D:9      | Killed a skeletal warrior
  8458 | D:9      | Noticed a skeletal warrior
  8472 | D:9      | Killed a skeletal warrior
  8598 | D:9      | Killed a skeletal warrior
  8599 | D:9      | Reached skill level 10 in Axes
  8599 | D:9      | Reached XP level 11. HP: 42/99 MP: 17/17
  9104 | D:10     | Entered Level 10 of the Dungeon
  9147 | D:10     | Noticed a two-headed ogre
  9184 | D:10     | Killed a two-headed ogre
  9185 | D:10     | Reached skill level 10 in Fighting
  9438 | D:10     | Noticed a two-headed ogre
  9442 | D:10     | Killed a two-headed ogre
  9462 | D:10     | Found a staircase to the Lair.
  9511 | D:10     | Noticed a boulder beetle
  9549 | D:10     | Killed a boulder beetle
 10247 | D:10     | Lost mutation: Your mind is acute. (Int +2) [potion of
                  | mutation]
 10247 | D:10     | Lost mutation: You are resistant to electric shocks.
                  | (rElec) [potion of mutation]
 10247 | D:10     | Gained mutation: Your body sometimes deteriorates upon
                  | taking damage. [potion of mutation]
 10247 | D:10     | Gained mutation: You expend magic power (3 MP) to
                  | strengthen your wands. [potion of mutation]
 10247 | D:10     | Gained mutation: You are robust. (+10% HP) [potion of
                  | mutation]
 10634 | D:10     | Found a broken altar of Ashenzari.
 10672 | D:10     | Reached *** piety under Beogh
 10901 | D:11     | Found a white marble altar of Elyvilon.
 10921 | D:11     | Noticed a cyclops
 10925 | D:11     | Killed a cyclops
 11022 | D:11     | Reached skill level 10 in Invocations
 12229 | D:12     | Reached skill level 10 in Armour
 12229 | D:12     | Reached skill level 10 in Shields
 12229 | D:12     | Reached XP level 12. HP: 59/121 MP: 19/19
 12239 | D:12     | Reached **** piety under Beogh
 12285 | D:12     | Found a runed translucent door.
 12340 | D:12     | HP: 4/121 [cyclops/large rock (32)]
 12347 | D:12     | HP: 4/121 [poisoned by a soldier ant]
 12388 | D:12     | Noticed a boulder beetle
 12429 | D:12     | Slain by a boulder beetle

Illustrated notes

Levels and vault maps discovered:
D:1:      dpeg_arrival_ternary, layout_basic
D:2:      layout_basic
D:3:      layout_loops_cross, marbit_many_paths, lemuel_round_altar,
          kennysheep_generic_room_15
D:4:      layout_loops_ring, kennysheep_mini, enter_ossuary_2,
          sigmund_edmund_badplayer
D:5:      layout_basic, nemelex_xobeh_ov_fountains_minmay, vehumet_crystals,
          serial_shops, shop, tgw_xom, uniq_eustachio
D:6:      layout_cave_pods, ashenzari_altar_1, dancing_weapons_uskayaw,
          uniq_prince_ribbit1, uniq_grinder
D:7:      layout_cave_pools, nzn_wu_jian_contemplation, old_standard_altar,
          lemuel_crystal_altar, minmay_temple_entry_waves
D:8:      layout_basic
D:9:      layout_loops_corners, old_standard_altar, orc_0_dummy
D:10:     minmay_bloctagon_deflated, layout_irregular_city, lair_entry_dummy,
          basic_altar
D:11:     layout_basic, serial_ice, serial_ice_l, serial_ice_b, serial_ice_n,
          serial_ice_o, serial_ice_e, serial_ice_c, serial_ice_g, serial_ice_d,
          basic_altar, minmay_misc_feat_secret_circle
D:12:     layout_basic, serial_shops, nicolae_shop_waterfront, enter_bailey_5,
          minmay_crystal_box

Skill      XL: |  1  2  3  4  5  6  7  8  9 10 11 |
---------------+----------------------------------+-----
Fighting       | 4 5 6 7 8 9 11 | 11.2
Axes           | 3 4 5 6 7 8 10 11 | 11.5
Armour         | 4 5 6 7 8 10 | 10.1
Shields        | 4 5 6 7 8 10 | 10.1
Invocations    | 1 3 5 6 8 10 | 10.5

Action                   |  1- 3 |  4- 6 |  7- 9 | 10-12 || total
-------------------------+-------+-------+-------+-------++-------
Melee: War axe           |   106 |    94 |   413 |       ||   613
       Broad axe         |       |       |    21 |   359 ||   380
Invok: Convert to Beogh  |       |     1 |       |       ||     1
       Smiting           |       |       |       |     1 ||     1
       Recall Orcish Fol |       |       |       |     2 ||     2
Evoke: Wand              |     1 |       |     5 |     4 ||    10
  Use: Scroll            |     9 |     6 |     8 |     5 ||    28
       Potion            |     2 |     5 |     3 |     6 ||    16
 Stab: Distracted        |       |       |     1 |       ||     1
Armor: Scale mail        |    34 |       |       |       ||    34
       Plate armour      |    51 |    44 |   299 |   144 ||   538
Dodge: Dodged            |    20 |    12 |   111 |    19 ||   162
Block: Kite shield       |    62 |    60 |   297 |       ||   419
       Tower shield      |       |       |    28 |   301 ||   329
